 Dungeon Crawl Stone Soup version 0.28-a0-268-g3f656e82c2 (webtiles) character file.

Game seed: 16514631826942619892

84 senseless the Covered (level 4, 0/38 HPs)
             Began as a Demigod Fighter on Aug 28, 2021.
             Slain by a gnoll (5 damage)
             ... on level 2 of the Dungeon.
             The game lasted 00:04:01 (2012 turns).

senseless the Covered (Demigod Fighter)             Turns: 2012, Time: 00:04:01

Health: 0/38       AC:  6    Str: 21    XL:     4   Next: 3%
Magic:  6/6        EV:  7    Int: 10    God:
Gold:   85         SH:  8    Dex: 13    Spells: 3/3 levels left

rFire   . . .      SeeInvis .   a - +0 long sword
rCold   . . .      Faith    .   c - +0 kite shield
rNeg    . . .      Spirit   .   b - +0 scale mail
rPois   .          Reflect  .   (no helmet)
rElec   .          Harm     .   (no cloak)
rCorr   .          Rampage  .   (no gloves)
Will    .....                   (no boots)
Stlth   ..........              (no amulet)
HPRegen 0.12/turn               (no ring)
MPRegen 0.10/turn               (no ring)

@: no status effects
A: high mp 1, forlorn
a: no special abilities


You were on level 2 of the Dungeon.
You visited 1 branch of the dungeon, and saw 3 of its levels.

You collected 85 gold pieces.

Inventory:

Hand Weapons
 a - a +0 long sword (weapon)
Missiles
 h - 7 poisoned darts (quivered)
Armour
 b - a +0 scale mail (worn)
 c - a +0 kite shield (worn)
Scrolls
 e - 4 scrolls of identify {unknown}
 j - a scroll of noise {unknown}
Potions
 d - a potion of might
 f - a potion of brilliance {unknown}
 g - 2 potions of magic {unknown}
 i - a potion of flight {unknown}


   Skills:
 + Level 3.0 Fighting
 + Level 2.9 Long Blades
 + Level 3.2 Armour
 + Level 0.2 Dodging
 + Level 3.2 Shields


You had 3 spell levels left.
You didn't know any spells.
Your spell library contained the following spells:

 Spells                   Type           Power      Damage    Failure   Level
 Summon Small Mammal      Summ           0%         N/A       99%         1
 Call Canine Familiar     Summ           0%         N/A       100%        3
 Summon Guardian Golem    Hex/Summ       0%         N/A       100%        3


Dungeon Overview and Level Annotations

Branches:
Dungeon (3/15)


Innate Abilities, Weirdness & Mutations

Your attributes grow dramatically as you level up.
You have an increased reservoir of magic. (+10% MP)
You shall have no god before yourself.


Message History

The gnoll hits you but does no damage.
You have reached level 4!
The gnoll hits you with a +0 club. The gnoll hits you with a +0 club.
You are too injured to fight recklessly!
You block the gnoll's attack.
You closely miss the gnoll.
The gnoll is severely wounded.
The gnoll hits you with a +0 club.
* * * LOW HITPOINT WARNING * * *
There is an open door here.
There is a stone staircase leading up here.
The gnoll hits you with a +0 club.
You climb upwards.
There is a stone staircase leading down here.
You completely miss the gnoll.
The gnoll is heavily wounded.
The gnoll hits you but does no damage. The gnoll barely misses you.
You barely miss the gnoll.
The gnoll is heavily wounded.
The gnoll hits you with a +0 club.
* * * LOW HITPOINT WARNING * * *
You barely miss the gnoll.
The gnoll is heavily wounded.
The gnoll barely misses you. The gnoll hits you with a +0 club.
* * * LOW HITPOINT WARNING * * *
You hit the gnoll.
The gnoll is severely wounded.
The gnoll hits you but does no damage.
You closely miss the gnoll.
The gnoll is severely wounded.
You block the gnoll's attack. The gnoll hits you but does no damage.
You hit the gnoll.
The gnoll is almost dead.
The gnoll hits you with a +0 club.
* * * LOW HITPOINT WARNING * * *
Your shield prevents you from hitting the gnoll.
The gnoll is almost dead.
You block the gnoll's attack. The gnoll hits you with a +0 club.
You die...

#.# #.##.##....# #.# #. #.#
##....##....# #.# #. #.#
#......#....# #.# #. #.#
#.##.#.#....#### #.# #.
#.###.#..#.#.......# #.# #.
#.##..#..#.#.......#
##.####.
#.##<.##.#.#.......#
#.......
#........#.##......#
#..####.
####.....#.#.@.....# #..#
#.
###.#.#.#.g.....####..####.
#.#.............#...#....
#...#.##....###.#..###.##
###.#...........#......#.
#.######..#.#....##..#.
#.##........#.#####..#.
#.##.###.#..#.#......##
#####.##.....#....#.###....


You could see a gnoll.

Vanquished Creatures
  A gnoll (D:3)
  3 adders (D:2)
  A worm (D:2)
  A dart slug (D:3)
  4 orcs
  2 ball pythons
  2 endoplasms (D:3)
  2 giant cockroaches (D:1)
  4 goblins (D:1)
  5 hobgoblins
  A jackal (D:1)
  2 kobolds (D:2)
  A quokka (D:2)
  2 bats (D:1)
  A frilled lizard (D:2)
  3 rats
35 creatures vanquished.

Notes
Turn   | Place    | Note
-------+----------+-------------------------------------------
     0 | D:1      | senseless the Demigod Fighter began the quest for the Orb.
     0 | D:1      | Reached XP level 1. HP: 18/18 MP: 3/3
   201 | D:1      | Noticed an Executioner
   305 | D:1      | Reached XP level 2. HP: 14/25 MP: 4/4
  1120 | D:2      | Reached XP level 3. HP: 28/30 MP: 5/5
  1965 | D:3      | Reached XP level 4. HP: 19/38 MP: 6/6
  2012 | D:2      | Slain by a gnoll

Illustrated notes

Levels and vault maps discovered:
D:1:      psy_arrival_dodecagon, layout_loops_corners,
          dreamdust_ecumenical_altar_sealed_demon, minmay_pentomino_p4
D:2:      layout_basic, kennysheep_nub
D:3:      minmay_chambers_of_threes, layout_loops_corners,
          mainiacjoe_overflow_six_doors_small, moated_statue, minmay_unequal

Skill      XL: |  1  2  3 |
---------------+----------+-----
Armour         | 3 |  3.2
Long Blades    | 2 |  2.9
Shields        | 3 |  3.2
Fighting       | 3 |  3.0
Dodging        | |  0.2

Action                   |  1- 3 |  4- 6 || total
-------------------------+-------+-------++-------
Melee: Long sword        |   108 |     8 ||   116
Armor: Scale mail        |    36 |     3 ||    39
Dodge: Dodged            |    43 |     2 ||    45
Block: Kite shield       |    59 |     3 ||    62

Table legend: (Time is in decaauts)
 A = Elapsed time spent in this place.
 B = Non-inter-level travel time spent in this place.
 C = Inter-level travel time spent in this place.
 D = Time resting spent in this place.
 E = Time spent auto-exploring this place.
 F = Levels seen in this place.
 G = Mean time per level.
                   A        B        C        D        E       F      G
               +--------+--------+--------+--------+--------+-----+--------+
         Total |   2074 |   2000 |     74 |     10 |   1655 |   3 |  691.3 |
       Dungeon |   2074 |   2000 |     74 |     10 |   1655 |   3 |  691.3 |
               +--------+--------+--------+--------+--------+-----+--------+

Top non-repeatable levels by time:
     D:1: 998 daAuts
     D:2: 689 daAuts
     D:3: 386 daAuts
